 Dungeon Crawl Stone Soup version 0.31.0-11-ge490571c62 (webtiles) character file.

Game seed: 6887641039035700611

10 Chiseanne the Charlatan (level 2, 16/21 HPs)
             Began as a Demonspawn Wanderer on Feb 10, 2024.
             Quit the game on level 2 of the Dungeon.
             The game lasted 00:01:13 (244 turns).

Chiseanne the Charlatan (Demonspawn Wanderer)        Turns: 244, Time: 00:01:13

Health: 16/21      AC:  4    Str: 15    XL:     2   Next: 10%
Magic:  3/3        EV: 11    Int: 12    God:
Gold:   28         SH:  0    Dex:  9    Spells: 2/3 levels left

rFire   . . .        a - +2 dagger
rCold   . . .        (no shield)
rNeg    . . .        e - +0 leather armour
rPois   .            (no helmet)
rElec   .            (no cloak)
rCorr   .            (no gloves)
SInv    .            h - +0 pair of boots
Will    .....        (no amulet)
Stlth   +            (no ring)
HPRegen 0.23/turn    (no ring)
MPRegen 0.08/turn

%: no passive effects
@: no status effects
A: hooves 1
a: no special abilities


You were on level 2 of the Dungeon.
You visited 1 branch of the dungeon, and saw 2 of its levels.

You collected 28 gold pieces.

Inventory:

Hand Weapons
 a - a +2 dagger (weapon)
Missiles
 b - a curare-tipped dart (quivered)
Armour
 e - a +0 leather armour (worn)
 h - a +0 pair of boots (worn)
Wands
 c - a wand of flame (4)
Scrolls
 f - a scroll of acquirement {unknown}
 g - a scroll of revelation {unknown}
 i - a scroll of fear {unknown}
Potions
 d - a potion of lignification
 j - a potion of curing {unknown}


   Skills:
 * Level 1.0 Fighting
 - Level 1.7 Throwing
 * Level 0.6 Armour
 * Level 1.3 Dodging
 - Level 1.0 Spellcasting
 - Level 2.1 Necromancy
 - Level 1.2 Invocations
 - Level 3.0 Evocations


You had 2 spell levels left.
You knew the following spells:

 Your Spells              Type           Power      Damage    Failure   Level
a - Kiss of Death         Conj/Necr      12%        2d6       24%         1

Your spell library contained the following spells:

 Spells                   Type           Power      Damage    Failure   Level
 Vampiric Draining        Necr           5%         2d6       41%         3


Dungeon Overview and Level Annotations

Branches:
Dungeon (2/15)

Altars:


Innate Abilities, Weirdness & Mutations

You have large cloven feet.


Message History

You barely miss the ball python.
The ball python is severely wounded.
The ball python closely misses you. The ball python constricts you.
The goblin hits you but does no damage.
You barely miss the ball python. Your punch misses the ball python.
The ball python is severely wounded.
The ball python bites you but does no damage.
The ball python constricts you. The goblin hits you with a +0 dagger.
You barely miss the ball python.
The ball python is severely wounded.
The ball python barely misses you. The ball python constricts you.
The goblin closely misses you. The ball python barely misses you.
The ball python constricts you.
You hit the ball python.
You kill the ball python!
The goblin barely misses you.
You have reached level 2!
Your demonic ancestry asserts itself...
Your feet thicken and deform.
You hit the goblin.
The goblin is severely wounded.
The goblin barely misses you.
You hit the goblin.
You kill the goblin!
Your Fighting skill increases to level 1!
Found an orange potion.
The bat closely misses you.
You barely miss the bat. The bat hits you but does no damage.
The bat barely misses you. x2
The bat barely misses you.
You hit the bat.
You kill the bat!
No target in view!
No target in view!
No target in view!
No target in view!
No target in view!
No target in view!
No target in view!
Are you sure you want to abandon this character and quit the game? (Confirm with "yes".)

#.#.##..........
..................
#.......#..........
.........!.........
#.................
#...............#
#.....#.......... ..
#........@..#..
..#####.#..)........#
........###.#..........
...........†##.##......
.......................
...##..#..###..........
#.......###...........
###...................
#.........#.......


There were no monsters in sight!

Vanquished Creatures
  An endoplasm (D:1)
  A giant cockroach (D:1)
  A goblin (D:2)
  A hobgoblin (D:2)
  A quokka (D:1)
  2 ball pythons (D:2)
  3 bats
10 creatures vanquished.

Notes
Turn   | Place    | Note
-------+----------+-------------------------------------------
     0 | D:1      | Chiseanne the Demonspawn Wanderer began the quest for the
                  | Orb.
     0 | D:1      | Chiseanne set off with the following items: a +2 dagger, a
                  | curare-tipped dart, a wand of flame (4), a potion of
                  | lignification, a +0 leather armour; and the following spell
                  | memorised: Kiss of Death; and the following spells
                  | available to memorise: Vampiric Draining.
     0 | D:1      | Reached XP level 1. HP: 13/13 MP: 2/2
   187 | D:1      | You fall into a shaft and drop 1 floor!
   209 | D:2      | Chiseanne: and because you are such idiots you "drop down
                  | 1-3 floors" FUCK YOU IDIOTS
   209 | D:2      | Chiseanne: PUT YOU ALGORYTHM SHIT WHERE THE SUN NEVER
                  | SHINES
   236 | D:2      | Gained mutation: You have large cloven feet. [demonic
                  | ancestry]
   236 | D:2      | Reached XP level 2. HP: 13/20 MP: 3/3
   238 | D:2      | Reached skill level 1 in Fighting
   244 | D:2      | Quit the game

Illustrated notes

Levels and vault maps discovered:
D:1:      dpeg_arrival_long_road, layout_rooms, serial_glass, glass_columns_b,
          glass_columns_a, bh_walls_and_bars
D:2:      layout_rooms, shapermc_ecumenical_altar_venn

Skill      XL: |  1  2 |
---------------+-------+-----
Fighting       | 1 |  1.0
Throwing       | |  1.7
Armour         | |  0.6
Dodging        | |  1.3
Spellcasting   | |  1.0
Necromancy     | |  2.1
Invocations    | |  1.2
Evocations     | |  3.0

Action                     || total
---------------------------++-------
  Melee: Dagger            ||    39
 Armour: Leather armour    ||    40
  Dodge: Dodged            ||    46
